 Dungeon Crawl Stone Soup version 0.21.1-1-g345015f (webtiles) character file.

2195 Supreme the Geomancer (level 9, -5/49 HPs)
             Began as a Gargoyle Earth Elementalist on Apr 28, 2018.
             Slain by a two-headed ogre
             ... wielding a +0 giant spiked club
              (20 damage)
             ... on level 8 of the Dungeon.
             The game lasted 00:47:02 (5824 turns).

Supreme the Geomancer (Gargoyle Earth Elementalist) Turns: 5824, Time: 00:47:03

Health: -5/49      AC:  9    Str: 11    XL:     9   Next: 34%
Magic:  6/18       EV: 19    Int: 20    God:
Gold:   412        SH:  0    Dex: 10    Spells: 10/21 levels left

rFire    . . .     SeeInvis .   E - +1 dagger (venom)
rCold    . . .     Gourm    .   (no shield)
rNeg     + . .     Faith    .   c - +0 robe
rPois    ∞         Spirit   .   (no helmet)
rElec    +         Reflect  .   A - +0 cloak
rCorr    .         Harm     .   (no gloves)
MR       .....                  (no boots)
Stlth    +++.......             (no amulet)
HPRegen  0.16/turn              j - +6 ring of evasion
MPRegen  0.16/turn              C - ring of flight

@: no status effects
A: negative energy resistance 1, electricity resistance, unbreathing,
petrification resistance, rot immunity, AC +6
a: Evoke Flight


You were on level 8 of the Dungeon.
You were not hungry.

You visited 2 branches of the dungeon, and saw 9 of its levels.

You collected 412 gold pieces.

Inventory:

Hand Weapons
 f - a +0 blowgun
 r - a +1 dagger of draining
 E - a +1 dagger of venom (weapon)
 I - a +0 hand axe of chopping
 K - a +1 dagger of protection
 O - a cursed -3 spear
Missiles
 b - 178 stones (quivered)
 i - 27 poisoned needles
 o - 4 throwing nets
 q - 103 arrows
Armour
 c - a +0 robe (worn)
 A - a +0 cloak (worn)
Jewellery
 j - a +6 ring of evasion (left hand)
 w - an uncursed ring of protection from fire
 C - a ring of flight (right hand)
 F - an uncursed ring of positive energy {unknown}
 G - an uncursed ring of fire {unknown}
Wands
 B - a wand of random effects (16)
 J - a wand of flame (52)
Scrolls
 h - 10 scrolls of identify {unknown}
 k - 5 scrolls of teleportation {unknown}
 m - a scroll of fog {unknown}
 p - a scroll of enchant armour {unknown}
 t - 2 scrolls of fear {unknown}
 u - 3 scrolls of magic mapping {unknown}
 v - 2 scrolls of remove curse {unknown}
 y - a scroll of random uselessness {unknown}
 L - a scroll of amnesia {unknown}
Potions
 a - a potion of haste {unknown}
 g - 4 potions of lignification {unknown}
 l - 3 potions of degeneration {unknown}
 n - 2 potions of flight {unknown}
 s - 2 potions of heal wounds {unknown}
 x - a potion of curing {unknown}
 z - a potion of brilliance {unknown}
 D - a potion of mutation {unknown}
 M - a potion of ambrosia {unknown}
 N - a potion of agility
 P - a potion of might {unknown}
Books
 e - a book of Geomancy

   Spells                             Type                      Level
   a - Sandblast                      Earth                        1
   b - Passwall                       Transmutation/Earth          2
   c - Stone Arrow                    Conjuration/Earth            3
   d - Petrify                        Transmutation/Earth          4
   e - Lee's Rapid Deconstruction     Earth                        5
Comestibles
 d - 18 rations


   Skills:
 + Level 2.3 Fighting
 - Level 2.0 Short Blades
 + Level 3.5 Dodging
 + Level 5.8 Stealth
 + Level 6.5 Spellcasting
 + Level 2.5 Conjurations
 + Level 0.9 Transmutations
 + Level 8.7 Earth Magic
 + Level 0.4 Evocations


You had 10 spell levels left.
You knew the following spells:

 Your Spells              Type           Power        Failure   Level  Hunger
a - Sandblast             Erth           #####.       1%          1    None
b - Passwall              Tmut/Erth      ####......   1%          2    None
c - Stone Arrow           Conj/Erth      ####..       3%          3    #......
d - Lee's Rapid Deconstr  Erth           #####.....   8%          5    #####..


Dungeon Overview and Level Annotations

Branches:
Dungeon (8/15)             Temple (1/1) D:4
   Lair: D:8-11

Altars:
Ashenzari
Dithmenos
Elyvilon
Fedhas
Gozag
Hepliaklqana
Makhleb
Nemelex Xobeh
Okawaru
Qazlal
Ru
Sif Muna
Trog
Uskayaw
Vehumet
Wu Jian
Yredelemnul
Zin
The Shining One

Annotations:
D:3 Sigmund; salinator123's ghost, amateur HOBe
D:4 Edmund


Innate Abilities, Weirdness & Mutations

You are resistant to torment.
Your stone body is resilient. (AC +6)
You are immune to poison.
You resist negative energy. (rN+)
You are resistant to electric shocks. (rElec)
You can survive without breathing.
You are immune to petrification.
You are immune to rotting.


Message History

The crimson imp looks more healthy.
Unknown command.
You hit the crimson imp but do no damage.
The crimson imp is poisoned.
The crimson imp is severely wounded.
The crimson imp closely misses you.
Casting: Passwall
Confirm with . or Enter, or press ? or * to list all spells.
Okay, then.
Casting: Passwall
Confirm with . or Enter, or press ? or * to list all spells.
Aiming: Sandblast
Press: ? - help, Shift-Dir - straight line, f - crimson imp
Aim: a crimson imp (severely wounded, poisoned)
The blast of sand misses the crimson imp.
b - 178 stones The crimson imp completely misses you.
The two-headed ogre hits you with a giant spiked club!
The two-headed ogre hits you with a giant club!!
You die...

.. .# ############
.# .......5@O{# .##
##########y##O.###.#
#y.yo.......
#oy.a.......
#####§##.#.##.# #
#...lh##.# .. #.
#....5.#.# . ...
#......(.# ..._
#......###


You could see a two-headed ogre, a worker ant, 2 killer bees, a crimson imp and
an orc.

Vanquished Creatures
  Grinder (D:3)
  2 water moccasins
  A sky beast (D:5)
  2 ogres
  2 centaurs (D:7)
  2 bullfrogs
  2 scorpions
  2 killer bees
  3 crimson imps
  A bullfrog zombie (D:8)
  3 orc priests
  A gnoll shaman (D:7)
  2 hounds
  5 orc wizards
  An iguana (D:7)
  Jessica (D:3)
  9 worker ants
  A hound zombie (D:3)
  2 hound skeletons
  5 gnolls (D:7)
  6 adders
  3 shadow imps
  An adder skeleton (D:7)
  An adder zombie (D:6)
  A worm (D:3)
  2 dart slugs
  2 leopard geckos
  28 orcs
  2 ball pythons
  14 giant cockroaches
  14 hobgoblins
  17 jackals
  10 kobolds
  3 quokkas
  7 bats
  5 frilled lizards
  8 goblins
  9 rats
  A butterfly (D:7)
182 creatures vanquished.

Notes
Turn   | Place    | Note
-------+----------+-------------------------------------------
     0 | D:1      | Supreme the Gargoyle Earth Elementalist began the quest for the Orb.
     0 | D:1      | Reached XP level 1. HP: 10/10 MP: 3/3
   115 | D:1      | Reached skill level 4 in Earth Magic
   175 | D:1      | Reached XP level 2. HP: 9/15 MP: 3/5
   439 | D:1      | Reached XP level 3. HP: 12/19 MP: 2/6
  1011 | D:2      | Reached XP level 4. HP: 23/24 MP: 8/8
  1015 | D:2      | Learned a level 2 spell: Passwall
  1019 | D:2      | Learned a level 3 spell: Stone Arrow
  1181 | D:2      | Found a basalt altar of Yredelemnul.
  1824 | D:3      | Reached skill level 1 in Short Blades
  1935 | D:3      | Found an ornate altar of the Wu Jian Council.
  1936 | D:3      | Found an iron altar of Okawaru.
  2004 | D:3      | Noticed salinator123's ghost (amateur HOBe)
  2057 | D:3      | Noticed Grinder
  2066 | D:3      | Killed Grinder
  2066 | D:3      | Reached skill level 1 in Fighting
  2066 | D:3      | Reached skill level 5 in Earth Magic
  2066 | D:3      | Reached XP level 5. HP: 14/29 MP: 0/10
  2066 | D:3      | Reached XP level 6. HP: 17/34 MP: 0/11
  2073 | D:3      | Learned a level 5 spell: Lee's Rapid Deconstruction
  2247 | D:3      | Noticed Jessica
  2250 | D:3      | Noticed Sigmund
  2482 | D:3      | Reached XP level 7. HP: 38/38 MP: 5/13
  2597 | D:3      | Killed Jessica
  2830 | D:4      | Found a staircase to the Ecumenical Temple.
  2839 | Temple   | Entered the Ecumenical Temple
  3129 | D:4      | Reached skill level 6 in Earth Magic
  3166 | D:4      | Noticed Edmund
  3392 | D:5      | Entered Level 5 of the Dungeon
  3833 | D:5      | Found a bloodstained altar of Trog.
  3965 | D:5      | Reached skill level 5 in Spellcasting
  3980 | D:5      | Reached XP level 8. HP: 18/43 MP: 3/15
  4231 | D:6      | Found a glowing golden altar of the Shining One.
  4476 | D:6      | Found a deep blue altar of Sif Muna.
  4516 | D:7      | Found a runed door.
  4544 | D:7      | Reached skill level 1 in Conjurations
  4547 | D:7      | Found a runed door.
  4568 | D:7      | Reached skill level 7 in Earth Magic
  4996 | D:7      | Reached skill level 5 in Stealth
  5108 | D:7      | Reached skill level 8 in Earth Magic
  5391 | D:7      | Reached XP level 9. HP: 42/48 MP: 18/18
  5777 | D:8      | Found a hide-covered altar of Uskayaw.
  5799 | D:8      | Noticed a two-headed ogre
  5824 | D:8      | Slain by a two-headed ogre

Skill      XL: |  1  2  3  4  5  6  7  8  9 |
---------------+----------------------------+-----
Earth Magic    | 4 5 6 8 |  8.7
Spellcasting   | 3 4 5 6 |  6.5
Short Blades   | 1 2 |  2.0
Fighting       | 1 2 |  2.3
Dodging        | 2 3 |  3.5
Stealth        | 3 4 5 |  5.8
Conjurations   | 2 |  2.5
Transmutations | |  0.9
Evocations     | |  0.4

Action                   |  1- 3 |  4- 6 |  7- 9 || total
-------------------------+-------+-------+-------++-------
Melee: Dagger            |    61 |   134 |   207 ||   402
 Cast: Sandblast         |    33 |    44 |    43 ||   120
       Stone Arrow       |       |     2 |    30 ||    32
       Passwall          |       |     1 |     1 ||     2
       Lee's Rapid Decon |       |       |     5 ||     5
 Abil: Evoke Flight      |       |       |     2 ||     2
 Stab: Sleeping          |     2 |     4 |    13 ||    19
       Distracted        |       |     1 |       ||     1
  Eat: Chunk             |     1 |     5 |    10 ||    16
       Ration            |       |       |     1 ||     1
Armor: Robe              |    25 |    38 |    53 ||   116
Dodge: Dodged            |    55 |   105 |   184 ||   344
